cohdb
Replays
Latest Replays
All Replays
Popular Replays
Top Player Replays
Match Explorer
How It Works
Community
CoH3 Stats
Reddit
Sign in to upload your games and track your stats! →
Sign in with Steam
Match 38297360
Unlisted
Match 38297360
Overview
Messages
Build Orders
End
Construct Section Command Post
Vickers Machine Gun Team
ML 3-inch Mortar Team
Infantry Section
Infantry Section
Infantry Section
Construct Platoon Command Post
Unlock Bishop Self-propelled Artillery
Construct Field Infirmary
Infantry Section
Infantry Section
Bishop Self-propelled Artillery
Royal Engineer Section
Selects Air and Sea Battlegroup
Selects Commando Section Paradrop
Royal Engineer Section
Selects Commando Section Paradrop
Selects Commando Support Section Paradrop
Commando Support Section Paradrop
Selects Incendiary Bombing Run
Selects Anti-tank Rocket Loiter
보스베이비
TSV_SYO
portalplayer
ghetto_capitalist
Atomic Floyd
Microsoft Outlook
deadsadbadmad
Alessandro-9891
0
0
Comments
sign in to comment!
No comments posted yet!